[Event "FIDE Candidates 2026"]
[Site "Pegeia, Cyprus"]
[Date "2026.04.09"]
[Round "10.2"]
[White "Sindarov, Javokhir"]
[Black "Praggnanandhaa R"]
[Result "1-0"]
[ECO "D35"]
[WhiteElo "2745"]
[BlackElo "2741"]
[Annotator "Rafael Leitao"]
[PlyCount "105"]
[EventDate "2026.??.??"]
[TimeControl "40/7200:1800+30"]

1. d4 Nf6 2. c4 e6 3. Nf3 d5 4. Nc3 Nbd7 {Sindarov afirmou que revisou essa linha pela manhã, mas que não esperava que Praggnanandhaa a utilizasse. O GM indiano, de fato, escolheu esse lance em uma de suas partidas no Tata Steel Chess deste ano, mas não é algo frequente em seu repertório. O fato de Sindarov ainda assim tê-la revisado demonstra o nível de preparação e comprometimento do provável candidato ao título mundial.} 5. Bf4 Bb4 {Isso pode levar a variantes muito agudas, como a partida demonstra.} 6. cxd5 exd5 ({Em um torneio no início do ano, joguei a opção mais passiva} 6... Nxd5 {já que, infelizmente, não tenho a preparação nem a capacidade de cálculo de Praggnanandhaa. Senti que minha posição estava ligeiramente pior após} 7. Bd2 N5f6 8. Qc2 c5 9. a3 Bxc3 10. Bxc3 cxd4 11. Bxd4 {Di Berardino–Rafael Leitão, Florianópolis 2026. A partida terminou empatada posteriormente.}) 7. e3 Ne4 8. Qc2 g5 $1 {Este lance ousado é o ponto principal do jogo anterior das Pretas. Ele começa a perseguir o bispo das Brancas.} 9. Bg3 (9. Be5 $1 {é o lance mais frequentemente jogado, e Sindarov disse que misturou sua preparação, sendo este o lance presente em seu arquivo. Ele afirmou que há algumas linhas longas em que as Brancas jogam por dois resultados, exatamente o que ele queria para esta partida. Crowther, Mark: 'is a definite alternative. Sindarov hinted that he forgot this was his intention. But he knew the other line too.'} Rg8 10. h3 Nxe5 11. Nxe5 Qe7 12. Bb5+ Kf8 13. Bd3 f6 14. Bxe4 dxe4 15. Nc4 Be6 16. Nd2 f5 17. a3 Ba5 18. f3 exf3 19. Nxf3 Kg7 20. O-O Kh8 21. Ne5 c6 22. Na4 Raf8 23. Nc5 Bc8 24. e4 f4 25. b4 Bc7 26. Qc3 Qg7 27. Ra2 Rd8 28. Ncd3 Rd6 29. Rc2 Bb6 30. Nc5 Bd8 31. Rd2 Bf6 32. Nf3 Be7 33. Ne5 b6 34. Ncd3 Ba6 35. Rfd1 h5 36. Nf2 Rh6 37. Qb3 Kh7 38. Qf7 Qxf7 {0-1 Anton Guijarro,D (2666)-Gukesh,D (2754) Prague Masters 8th 2026 (9)}) 9... h5 10. Bd3 h4 11. Bxe4 dxe4 12. Qxe4+ Kf8 {Imagino que muitos tenham ficado chocados com a forma como essa partida se desenrolava, especialmente no caso de Sindarov, já que ele não precisava mais assumir riscos. No entanto, não devemos esquecer que ambos os jogadores estavam familiarizados com essa posição. Crowther, Mark: '!'} 13. Be5 f6 14. Nxg5 $5 (14. d5 $2 Qe7 15. h3 (15. d6 $2 Bxc3+ 16. bxc3 cxd6 $19) 15... Nxe5 $19 (15... fxe5 $2 16. Qc4 $19)) 14... Bxc3+ 15. bxc3 Nxe5 16. dxe5 fxg5 17. f4 {Um lance natural e uma novidade. Praggnanandhaa pensou por mais de 20 minutos antes de responder. No entanto, um compatriota seu, o IM Krushager, já havia analisado esse lance em seu curso de aberturas. Crowther, Mark: 'N'} ({RR} 17. O-O Kg7) 17... h3 {Até onde sei, o primeiro lance completamente desconhecido. É uma das primeiras escolhas do computador. Crowther, Mark: 'The players have been taking their time but this is all well known.'} (17... Kg7 {é analisado no curso de Krushager:} 18. O-O {é natural e parece muito perigoso; as Pretas precisam jogar com grande precisão. Eu tentei encontrar uma forma de conduzir essa posição de Pretas sem o auxílio do computador, e simplesmente não consegui achar uma boa opção, mas a engine mostra o caminho (o que seria bastante difícil de descobrir durante a partida sem uma análise prévia). Vale destacar que essa posição já ocorreu antes em uma partida do Titled Tuesday (o torneio que sempre parece antecipar importantes novidades teóricas), mas com uma ordem de lances diferente, começando com 17.0-0.} (18. f5 {é o lance indicado no curso, mas talvez a tarefa das Pretas seja mais fácil neste caso.} Bxf5 $1 19. Qxf5 Rf8 20. Qe4 Qe7 {e fica claro que as Pretas estão bem, já que o rei das Brancas também não está seguro.}) 18... Bd7 $3 {A ideia das Pretas é que, após} (18... Qe7 $2 19. f5 {1-0 Sarana,A (2668)-Kravtsiv,M (2598), 1ª edição do Titled Tuesday de 21 de fevereiro, Chess.com INT blitz 2023 (6), com grande vantagem para as Brancas em} (19. fxg5 $1 {é ainda melhor, quando as Brancas estão ganhas.} Qxg5 20. e6) 19... Kh6 20. Rad1 Rb8 21. g3 Re8 22. e6 b6 23. gxh4 Bb7 24. Qe5 gxh4 25. Rd4 Rg8+ 26. Kf2 Rbf8 27. Ke1 Qg5 28. e7 Re8 29. Qe6+ Kh7 30. f6 Rg6 31. Rd8 Qc5 {Sarana,A (2668)-Kravtsiv,M (2598) chess.com INT 2023 1-0 (38)}) 19. f5 (19. Rad1 {também é possível, com grandes complicações após} Bc6 20. Qc4 Qe7 21. fxg5 {onde o meu computador aponta igualdade.}) 19... Bc6 20. f6+ (20. Qg4 Kh6 21. Rad1 Qe7 {e as Pretas conseguem se manter na partida.}) 20... Kh6 21. Qf5 {por mais assustador que pareça, as Pretas agora têm igualdade com 21...Dd2 ou 21...Dd5. Há muitas linhas interessantes nos lances seguintes, mas não quero sobrecarregar o leitor com variantes demais.} Qd5 (21... Qd2)) 18. Rd1 {Crowther, Mark: 'N'} (18. g3 $2 {ajuda as Pretas, pois agora é mais fácil estabelecer um bloqueio.} Qd7 {and if} 19. f5 Qc6 $1 {trocando as damas.} 20. Qxc6 bxc6 21. Ke2 Ke7 22. e4 Ba6+ 23. Kf3 Bd3 24. Ke3 Rhd8 25. Rhd1 Bc2 26. Rdc1 Ba4 27. Rab1 c5 28. Rf1 a5 29. Rb7 Rd7 30. Rf2 Rad8 31. Rfb2 Bd1 32. e6 Rd3+ 33. Kf2 Rc8 34. R7b5 Rxc3 35. Rd2 Bh5 36. Rd7+ Kf6 37. Rh7 Rc2+ 38. Ke3 Re2+ 39. Kd3 Rd8+ 40. Rd7 Rxd7+ 41. exd7 Ke7 {0-1 Schulenberg,H (2174)-Luca,A (2203) Mostert mem WS op-4 email ICCF email 2006}) (18. O-O {também é interessante:} hxg2 19. Rf2 {com jogo pouco claro. As Pretas agora têm três lances razoáveis: 19...De8, 19...Rg7 ou 19...g4.} Kg7 {was being treated as a main line in commentary.}) 18... Qe7 {Crowther, Mark: 'After 30 minutes thought.'} (18... Qe8 {Sindarov disse na entrevista após a partida que ficou receoso com esse lance durante o jogo, mas que começou a calcular e encontrou a forma de jogar com as Brancas. Sua capacidade de cálculo é impressionante. Crowther, Mark: 'was the move that concerned Sindarov.'} 19. f5 $1 hxg2 20. Rg1 {As Pretas precisam ter cuidado aqui. Aparentemente, 20...Bd7 é o melhor lance, algo muito difícil de encontrar para um humano.} Bd7 (20... Rh4 {Sindarov mostrou a seguinte linha:} 21. Qxg2 Qxe5 22. Qxg5 Qxc3+ {e disse que tinha pelo menos um empate, mas que calcularia caso essa posição surgisse no tabuleiro para verificar se poderia encontrar algo mais. Fantástica capacidade de cálculo e avaliação.}) 21. Qb4+ c5 22. Qxc5+ Qe7 23. Qxe7+ Kxe7 $11) 19. g3 (19. O-O $5 hxg2 20. Rf2 {Isso parece perigoso para as Pretas, mas elas têm} Qh7 $1 {uma forma de escapar com igualdade, embora as variantes sejam assustadoras. Para ser sincero, toda essa linha exige muita precisão das Pretas.}) 19... gxf4 {As Pretas têm várias alternativas interessantes.} (19... Bd7 $5) (19... Bg4 $5 {Talvez este seja o lance mais difícil de enfrentar.} 20. Rd4 $1 {A única resposta aceitável.} Qa3 $5 21. O-O Qxa2 22. Rf2 Qa1+ 23. Rf1 Qb2 {O comentarista sempre sente um certo alívio quando pode mostrar uma repetição de lances para encerrar a análise de uma posição caótica.}) 20. O-O $1 Rh6 {Um bom lance, cobrindo a importante casa f6.} (20... Kg7 {pode levar a uma transposição após} 21. exf4 $5 (21. Rxf4 {leva a linhas semelhantes às da partida.}) 21... Qc5+ 22. Rd4 Qc6 23. f5 Qxe4 24. Rxe4 {O computador avalia essa posição como igual, e acredito que todos prefeririam jogar com as Brancas.}) (20... Be6 {permite às Brancas o perigoso} 21. Qg6 $1 {embora as Pretas ainda estejam na partida após}) 21. Rxf4+ (21. exf4 {também é lógico, preparando o avanço dos peões passados.} Bg4 (21... Qc5+ 22. Rd4 Qc6 {também é jogável.}) 22. Rd4 Qe6 $5 23. f5 Qxa2 24. Rf2 Qa1+ 25. Rf1 {e, mais uma vez, fico aliviado ao encontrar uma repetição de lances.}) 21... Kg8 {Sindarov ficou surpreso com esse lance.} (21... Kg7 {é mais lógico, mas, no fim, a mesma posição surge no tabuleiro: Crowther, Mark: 'Seemed to be Sindarov's main line.'} 22. Rdf1 Be6 (22... a5 $5 {Acredito que esse lance do computador seja impossível de encontrar, mas ele tem a ideia bastante lógica de levar a torre de a para a6. Pelo menos, parece lógico depois que vemos, mas quem ousaria jogar assim e correr o risco de parecer um tolo em caso de derrota $2} 23. Rf6 (23. Rf7+ Qxf7 24. Rxf7+ Kxf7 25. Qf4+ Kg7 26. Qg5+ {Aparentemente, com empate.}) 23... Ra6 $1 {é o ponto.}) 23. Rf6 Rah8 $1 {com o rei em g7, as Pretas conseguem conectar as torres.} 24. Qf4 $1 Rg6 (24... Qe8 {é o mesmo após} 25. Qg5+ Rg6 26. Rxg6+ Qxg6 27. Qxg6+ Kxg6 28. Rf6+) (24... Rh5 25. g4 $18) 25. Rxg6+ Kxg6 26. Qf6+ Qxf6 27. Rxf6+ Kg5 28. Rxe6 Rd8 {Veremos essa posição na anotação do lance perdedor da partida. Crowther, Mark: 'with a two result game according to Sindarov.'}) 22. Rdf1 {Crowther, Mark: '!'} Bd7 $4 {[%eval 221,14] [%wdl 999,1,0] Um erro grosseiro que perde a partida na hora. Sindarov, sempre impressionante em seus cálculos, havia visto tanto a continuação vencedora quanto a defesa correta. Crowther, Mark: '?' Crowther, Mark: 'White is suddenly close to winning.'} (22... Be6 23. Rf6 {Aqui as Pretas precisam encontrar o único lance:} Qh7 $3 {Qualquer outro lance perde.} (23... Rxf6 24. Rxf6 {com um ataque decisivo.}) 24. Qxh7+ Kxh7 25. Rxh6+ Kxh6 26. Rf6+ Kg5 27. Rxe6 Rd8 $1 {As Pretas devem conseguir empatar com um bom jogo. De qualquer forma, acredito que Sindarov não ficaria muito preocupado com isso, já que seu plano era jogar por dois resultados, exatamente o que está acontecendo nesta posição.} 28. Rf6 (28. Re7 Rd1+ 29. Kf2 Rd2+ 30. Kf3 Rxh2 {com um empate provável.}) 28... Rd1+ 29. Rf1 Rd2 {A ideia das Pretas é que, no caso de} 30. e6 {elas podem jogar} Rg2+ $1 31. Kh1 Re2 {com empate.}) 23. Rf7 {Crowther, Mark: '+-!'} Qxf7 (23... Qe6 {perde para o preciso} 24. R7f6 $1 (24. Qf4 {não ganha após} Be8 $1) (24. R1f6 $2 {é tentador, mas as Pretas se salvam com} Qg4 $1) 24... Rxf6 25. Rxf6 {com um ataque decisivo.}) (23... Qe8 24. R1f6 {e as Pretas não têm nada melhor do que capturar a torre em f7, transpondo para a partida.}) 24. Rxf7 Kxf7 25. Qf4+ $146 {tenho certeza do que Praggnanandhaa deixou passar, mas agora ele perde o bispo e as Brancas ficam com uma vantagem material decisiva.} Kg7 26. Qg5+ Kh7 27. Qe7+ Kg8 28. Qxd7 {Sindarov converte sua vantagem com técnica impecável.} Rf8 29. Qg4+ {Crowther, Mark: 'White is winning and in fact wraps things up very quickly.'} (29. Qxc7 Rb6 30. Qc4+ Rf7 31. Qg4+ Kf8 32. Qc8+ Ke7 33. Qc7+ (33. Qxh3 Rb1+ 34. Kg2 Rb2+ 35. Kg1 Rb1+ 36. Kg2 Rb2+ 37. Kh1 Rb1+ 38. Kg2 $11) 33... Ke8 34. Qc8+ Ke7 35. Qc5+ Ke8 36. Qc8+ Ke7 $11) 29... Kh8 30. a4 a5 31. Qg5 Rh7 32. e6 Re8 33. Qxa5 b6 (33... Rxe6 34. Qa8+ Kg7 35. Qxb7 {e o peão da coluna “a” avança.}) 34. Qe5+ Kg8 35. Qg5+ Rg7 36. Qf5 Rge7 37. Qg4+ (37. Qxh3 Rxe6 38. Kf2 Re4 $18) 37... Kf8 38. Qxh3 Rxe6 39. Kf2 (39. Qh8+ Ke7 40. Qd4 Rd6 41. Qe4+ Kd8 $16) 39... R8e7 (39... Rxe3 40. Qh6+ {seguido da captura da torre.}) 40. Qh8+ Kf7 41. g4 {Peões passados devem ser avançados.} Re4 (41... Rxe3 42. Qh5+ Kg7 43. Qg5+) 42. Qh5+ Kg7 43. Qg5+ Kf7 44. Kf3 Rxa4 45. h4 Ra5 46. Qh6 Rae5 47. Qh7+ Kf8 48. Qh8+ Kf7 49. e4 b5 (49... Ke6 50. h5) 50. h5 c5 (50... Rg5 $142 51. Qh6 Ree5) 51. h6 Rg5 52. Qd8 Rg8 53. Qd5+ {Sindarov agora é virtualmente o campeão do torneio. Mais do que isso, sua performance é extraordinária, e o nível de jogo que ele apresentou tem poucos paralelos na história do xadrez. Estou realmente impressionado, e certamente não sou o único. Crowther, Mark: 'There is nothing left to hope for.'} 1-0

[Event "FIDE Candidates 2026"]
[Site "Pegeia, Cyprus"]
[Date "2026.04.09"]
[Round "10.4"]
[White "Giri, Anish"]
[Black "Nakamura, Hikaru"]
[Result "1/2-1/2"]
[ECO "D31"]
[WhiteElo "2753"]
[BlackElo "2810"]
[Annotator "Crowther,Mark"]
[PlyCount "74"]
[EventDate "2026.??.??"]
[TimeControl "40/7200:1800+30"]

1. c4 e6 2. Nc3 d5 3. d4 h6 {You can't accuse Nakamura of not trying. He plays a sideline in the QGD.} 4. cxd5 (4. Nf3 Nf6 5. e3 Be7 6. b3 O-O 7. Bd3 b6 8. O-O Bb7 9. Bb2 Nbd7 10. cxd5 exd5 11. Rc1 a6 12. Qc2 Bd6 13. Ne2 Ne4 14. Ne5 Re8 15. f3 Nef6 16. f4 Ne4 17. Ng3 Ndf6 18. Nf5 Bc8 19. Nxd6 cxd6 20. Nf3 Bd7 21. Qe2 Bb5 22. Bxb5 axb5 23. a3 Qd7 24. Rc2 Ng4 25. Re1 Rac8 26. Rxc8 Rxc8 27. h3 Ng3 28. Qd3 Nf6 29. Rc1 Re8 30. Bc3 Nf5 31. Bd2 Ne4 32. Bb4 Nf6 33. Re1 Ne4 {1-0 Erigaisi,A (2775)-Murzin,V (2652) Tata Steel India Blitz Kolkata 2026 (1)}) 4... exd5 5. Bf4 c6 6. e3 Bd6 {[#]} ({RR} 6... Bf5 7. Bd3 Bxd3 8. Qxd3 Nf6 9. Nge2 Nbd7 10. O-O Be7 11. Ng3 O-O 12. f3 c5 13. Nf5 Re8 14. Rad1 Bf8 15. Nb5 Nh5 16. Bd6 Qb6 17. Bxf8 Rxf8 18. Ne7+ Kh8 19. Nxd5 Qc6 20. Nbc3 Rad8 21. e4 {Giri,A (2764)-Nihal,S (2670) chess.com INT 2022 1-0 (64)}) 7. Nge2 $146 {A new move, but Nakamura navigates the novelty without any problems.} ({RR} 7. Bxd6 {has been played in over 20 games.} Qxd6 8. Bd3 Ne7 9. Qc2 Qf6 10. Nge2 Bf5 11. Bxf5 Qxf5 12. Qxf5 Nxf5 {½-½ (12) Stremavicius,T (2532)-Ali Marandi,C (2561) Paleochora 2022}) (7. Bg3 Nf6 8. Bd3 O-O 9. Nge2 Re8 10. Qc2 Bg4 11. Nf4 Nh5 12. Nxh5 Bxh5 13. Qb3 b6 14. Rc1 Bxg3 15. hxg3 Bg4 16. Ne2 Qd6 17. Qc3 Rc8 18. Nf4 Nd7 19. O-O c5 20. dxc5 bxc5 21. Qc2 Qe5 22. b3 a5 23. Qc3 Be6 24. Bb5 Qd6 25. Rfd1 Nf6 26. Nd3 Qb6 27. a4 Ne4 28. Qe5 Nd6 29. Nf4 Nxb5 30. axb5 Rab8 31. Rc3 c4 32. bxc4 dxc4 33. Rb1 Rc5 34. Qd4 Rxb5 35. Rxb5 Qxb5 36. Nxe6 fxe6 {1-0 Sevian,S (2694)-Svane,R (2625) Titled Tuesday intern op 08th Apr Late Chess.com INT blitz 2025 (5)}) ({RR} 7. Qf3 Nf6 (7... Bxf4 8. Qxf4 Qf6 9. Qc7 Ne7 10. Nf3 O-O 11. Bd3 Nf5 12. Qf4 Qd6 13. Ne5 f6 14. Ng6 Qxf4 15. Nxf4 Nd6 16. h4 Bf5 17. Bxf5 Nxf5 18. h5 Nd7 19. O-O-O Nd6 20. Rhe1 f5 21. b3 Nf6 {Lobanov,S (2526)-Piorun,K (2557) Goa IND 2025 ½-½ (64)}) 8. Bd3 O-O 9. h3 a5 10. Nge2 Na6 11. g4 Bxf4 12. Qxf4 Qc7 13. f3 Qxf4 14. Nxf4 Ne8 15. h4 Nd6 16. Kf2 Re8 17. Rac1 Nc7 18. Na4 Be6 19. Nc5 Re7 20. g5 Kh8 21. Rhg1 Rg8 {Sargsyan,S (2659)-Khamdamova,A (2403) Tashkent UZB 2026 1-0 (38)}) 7... Na6 8. Bxd6 Qxd6 9. Ng3 Nc7 10. Bd3 Nf6 11. h3 Bd7 12. Qb3 b6 13. O-O O-O 14. Rad1 Rfe8 15. Rfe1 Rad8 16. Bb1 Ne6 17. e4 dxe4 18. Ncxe4 Nxe4 19. Nxe4 Qb8 (19... Qf4 20. Re3 Ng5 21. Rde1 Nxe4 22. Bxe4 Qd6) 20. Qc2 Nf8 21. Re3 Kh8 22. a3 Re7 $6 {Allowing an incredible resource that the computer finds.} 23. Nc5 {Now we see liquidation.} (23. Ng5 $1 Rde8 24. Nf3 $3 {Incredibly difficult. White's point is} Rxe3 25. fxe3 Rxe3 $2 (25... Rc8 26. Ne5 {with a slight edge for White.}) 26. Ne5 {And the rook is trapped after, say,} Kg8 27. Qd2 Rb3 28. Ba2 {Hitting f7 behind the rook.}) 23... Rxe3 24. Nxd7 Rxd7 25. fxe3 c5 {The most straightforward way to liquidate.} 26. dxc5 Rxd1+ 27. Qxd1 bxc5 $11 28. Ba2 Qxb2 29. Bxf7 Qxa3 30. Qd6 Qxe3+ 31. Kh2 Nd7 32. Qxd7 {Allowing a perpetual check.} Qe5+ 33. Kh1 (33. Kg1 $5 Qe1+ $8) 33... Qe1+ 34. Kh2 Qe5+ 35. Kh1 Qe1+ 36. Kh2 Qe5+ 37. Kg1 $5 (37. g3 Qe2+ 38. Kg1 Qe1+ 39. Kg2 Qe2+ 40. Kg1 $11) 37... Qe1+ $8 1/2-1/2

[Event "FIDE Candidates 2026"]
[Site "Pegeia, Cyprus"]
[Date "2026.04.11"]
[Round "11.1"]
[White "Giri, Anish"]
[Black "Esipenko, Andrey"]
[Result "1/2-1/2"]
[ECO "D37"]
[WhiteElo "2753"]
[BlackElo "2698"]
[Annotator "Crowther, Mark"]
[PlyCount "85"]
[EventDate "2026.??.??"]
[TimeControl "40/7200:1800+30"]

1. d4 d5 2. c4 e6 3. Nc3 Be7 4. cxd5 exd5 5. Bf4 Nf6 6. e3 O-O 7. Nf3 c5 8. dxc5 Bxc5 9. Be2 Nc6 10. O-O {In a must-win game, Giri has at least accomplished the goal of reaching an imbalanced position. White can play against the isolated pawn, though Black is okay.} Be6 11. Qa4 {No 2500-rated player has ever tried this, though it's not technically a novelty.} (11. Rc1 {has been played in over 200 games.}) ({RR} 11. Ne5 Bd6 12. Nxc6 bxc6 13. Qa4 Bxf4 14. Qxf4 c5 15. b3 Qa5 16. Rac1 Rac8 17. Qa4 Qxa4 18. Nxa4 c4 19. bxc4 dxc4 20. Rfd1 Rfd8 21. Rxd8+ Rxd8 22. Nc5 Bd5 23. f3 Rc8 24. Na4 Be6 25. e4 Nd7 {Mikhalchishin,A (2535)-Beliavsky,A (2620) Moscow 1981 1-0 (37)}) ({RR} 11. Nb5 Rc8 12. Rc1 Qe7 13. Nfd4 h6 14. Nb3 Bb4 15. a3 a6 16. axb4 axb5 17. Nd4 Qxb4 18. Nxb5 Rfd8 19. Nd4 Nxd4 20. Qxd4 Qxd4 21. exd4 Rxc1 22. Rxc1 Rc8 23. Rxc8+ Bxc8 24. Bd6 Bd7 25. f3 Ne8 {Grigoryan,K (2481)-Adly,A (2589) Goa IND 2025 ½-½ (71)}) 11... h6 $146 ({RR} 11... Qb6 12. Qc2 (12. Nb5 Rac8 13. b4 Nxb4 14. Rab1 Bd7 15. a3 Na6 16. Ne5 Be8 17. Rfc1 Nc7 18. Qxa7 Bxb5 {0-1 (18) Kos,E (2220)-Magamedov,M Bela Crkva 1989}) 12... Be7 13. Rad1 Rac8 14. Qb1 Bb4 15. Nb5 Ne4 16. Ng5 Nxg5 17. Bxg5 h6 18. Bf4 Rfd8 19. a3 Be7 20. Nd4 Nxd4 21. exd4 Bf6 22. Be3 Bd7 23. Rfe1 Ba4 24. Rd2 Rc6 25. g3 Bb5 26. Bf3 {Budde,V (2335)-Kavalek,L (2590) Germany 1982 ½-½ (53)}) 12. Rfd1 $146 (12. h3 Qe7 13. Rfd1 a6 14. Rac1 Rfc8 15. Qc2 Na5 16. Qb1 Nc4 17. Nd4 b5 18. Bf3) 12... Qb6 13. Qb5 a6 14. Qxb6 Bxb6 15. Na4 Ba7 16. Bd6 Rfc8 17. Bc5 Bxc5 18. Nxc5 Ne5 19. Rac1 Ned7 20. Nd3 Kf8 21. Nd4 Ke7 22. f3 Ne8 23. Kf2 Nd6 24. g4 g5 (24... Rxc1 25. Rxc1 Rc8 26. Rd1 Nb8) 25. h4 $1 Nc4 (25... a5 26. Ra1) 26. Rh1 Nce5 {White is pushing a little bit.} 27. Nxe5 Nxe5 28. Rcd1 Rh8 29. Kg3 Nc6 30. Nxe6 $6 {This decision was criticized by Howell and Polgar as unnecessary. The game kind of peters out here, even if the engine shows a slight white advantage.} (30. f4 $1 {White could decide later if he wants to exchange the knight for bishop. Why now $2} gxf4+ 31. exf4 Rhg8 32. Rhe1 Kd6 33. h5 {is the computer's best line, with serious pressure.}) 30... fxe6 31. f4 Rag8 32. fxg5 $6 {This doesn't net any advantage. We just see liqudation. The game is dead equal.} (32. Bd3) 32... hxg5 33. hxg5 (33. h5 Rf8 {Black is okay.} ({But not} 33... Ne5 34. e4 $1 dxe4 35. Rd4)) 33... Ne5 34. Rxh8 Rxh8 $11 35. e4 dxe4 36. Rd4 Rg8 37. Rb4 b5 38. Rxe4 Rxg5 39. a4 Nf7 40. axb5 axb5 41. Rd4 Nd6 42. Kf2 Rc5 43. Ke3 {Giri offers a draw and it's accepted.} 1/2-1/2